cohdb
Replays
Latest Replays
All Replays
Popular Replays
Top Player Replays
Match Explorer
How It Works
Community
CoH3 Stats
Reddit
Sign in to upload your games and track your stats! →
Sign in with Steam
Match 42213126
Unlisted
Match 42213126
Overview
Messages
Build Orders
End
Kradschützen Motorcycle Team
250 Light Carrier
Selects Armored Support Battlegroup
Panzergrenadier Squad
Construct Light Support Kompanie
Assault Grenadier Squad
MG34 Team
Construct Mechanized Kompanie
Assault Mechanized Group
8 Rad Armored Car
Selects Salvage Kits
2.5-tonne Medical Truck
Support Armor Elements
Panzerpioneer Squad
Selects Superior Fire Drills
Selects Veteran Gunners
StuG III D Assault Gun
Panzerjäger Mechanized Group
Selects Panzer Storm
Selects Stuka Dive Bomb
Pak 38 Anti-tank Gun Team
Marder III Tank Destroyer
StuG III D Assault Gun
Panzerjäger Mechanized Group
Stuka Dive Bomb
7k this year for sure
BIOHAZARD
0
0
Comments
sign in to comment!
No comments posted yet!